 Dungeon Crawl Stone Soup version 0.28.0 (webtiles) character file.

Game seed: 12143403174277431718

6 freelancePsychic the Sneak (level 1, 0/20 HPs)
             Began as a Hill Orc Delver on Feb 6, 2022.
             Succumbed to a scorpion's poison
             ... on level 4 of the Dungeon.
             The game lasted 00:01:51 (514 turns).

freelancePsychic the Sneak (Hill Orc Delver)         Turns: 514, Time: 00:01:51

Health: 0/20       AC:  3    Str: 14    XL:     1   Next: 90%
Magic:  1/1        EV: 11    Int: 10    God:
Gold:   47         SH:  0    Dex: 12    Spells: 0/0 levels left

rFire   . . .      SeeInvis .   a - +0 short sword
rCold   . . .      Faith    .   (no shield)
rNeg    . . .      Spirit   .   b - +0 leather armour
rPois   .          Reflect  .   (no helmet)
rElec   .          Harm     .   (no cloak)
rCorr   .          Rampage  .   (no gloves)
Will    .....                   (no boots)
Stlth   ++........              (no amulet)
HPRegen 0.06/turn               (no ring)
MPRegen 0.07/turn               (no ring)

@: lethally poisoned (0 -> -24), hasted, very quick
A: no striking features
a: no special abilities


You were on level 4 of the Dungeon.
You visited 1 branch of the dungeon, and saw 2 of its levels.
You also visited: Sewer.

You collected 47 gold pieces.

Inventory:

Hand Weapons
 a - a +0 short sword (weapon)
 d - a +0 hand axe
Armour
 b - a +0 leather armour (worn)
Scrolls
 c - a scroll of fog
Potions
 e - a potion of haste {@q3}


   Skills:
 + Level 3.9 Fighting
 + Level 2.3 Short Blades
 - Level 1.5 Dodging
 - Level 4.1 Stealth


You couldn't memorise any spells.
You didn't know any spells.
Your spell library was empty.

Dungeon Overview and Level Annotations

Branches:
Dungeon (5/15)              Sewer (visited)
 Temple: D:4-7

Altars:


Message History

As you read the scroll of magic mapping, it crumbles to dust.
You feel aware of your surroundings.
You enter the shallow water.
Moving in this stuff is going to be slow.
You now have 23 gold pieces (gained 13).
Found a hand axe.
You see here a +0 hand axe.
d - a +0 hand axe
Found 10 gold pieces.
Found a stone staircase leading up.
Found 14 gold pieces.
There is a stone staircase leading up here.
You now have 33 gold pieces (gained 10).
You now have 47 gold pieces (gained 14).
There is a stone staircase leading up here.
You climb upwards.
There is a stone staircase leading down here.
A scorpion comes into view.
You feel yourself speed up.
You hit the scorpion but do no damage. The scorpion barely misses you.
You hit the scorpion but do no damage. The scorpion stings you.
You hit the scorpion but do no damage. You hit the scorpion but do no damage.
The scorpion barely misses you.
You closely miss the scorpion. The scorpion closely misses you.
You barely miss the scorpion. You hit the scorpion but do no damage.
The scorpion completely misses you.
You hit the scorpion but do no damage. The scorpion stings you.
You are lethally poisoned!
The scorpion poisons you!
You hit the scorpion but do no damage.
You feel very sick. The scorpion closely misses you.
You hit the scorpion but do no damage.
You feel sick. The scorpion stings you.
* * * LOW HITPOINT WARNING * * *
You are more poisoned.
The scorpion poisons you!
You closely miss the scorpion.
* * * LOW HITPOINT WARNING * * *
You feel very sick.
You closely miss the scorpion.
You die...

#..#..# .##
#..#.#.## ...#
#..#.##.#..#.##
#.>#.#.........
#..#.#.#.#.#.##
#......#.....
#.###..###.###
#. #s.# ..# #.
#@.# .# #. #..#
.# #. #..# #.
.... ## #..##
#... #... #####


You could see a scorpion.

Vanquished Creatures
  3 ball pythons (Sewer)
  A frilled lizard (Sewer)
  3 rats (D:5)
7 creatures vanquished.

Notes
Turn   | Place    | Note
-------+----------+-------------------------------------------
     0 | D:5      | freelancePsychic the Hill Orc Delver began the quest for
                  | the Orb.
     0 | D:5      | Reached XP level 1. HP: 19/19 MP: 1/1
     4 | D:5      | Found a glowing drain.
    69 | Sewer    | Entered a sewer
   289 | Sewer    | Noticed Pargi
   495 | D:4      | Noticed a scorpion
   514 | D:4      | Succumbed to a scorpion's poison

Illustrated notes

Levels and vault maps discovered:
D:4:      minmay_inner_zag, layout_loops_ring,
          minmay_temple_entry_enclosed_plants, minmay_manual_monstrance
D:5:      layout_loops_corners, cheibrodos_sewer_entry_drain,
          grunt_decor_one_mirror, grunt_decor_fettered,
          minmay_misc_feat_diagonals, uniq_duvessa

Action                   || total
-------------------------++-------
Melee: Short sword       ||    38
Evoke: Wand              ||     3
  Use: Scroll            ||     2
       Potion            ||     2
Armor: Leather armour    ||     6
Dodge: Dodged            ||    16
